3AA
CASPER GHOSTS @ RICHLAND RAILS
07/17/2038
 
TOP OF THE 1ST
Casper Ghosts batting - Pitching for Richland Rails : RHP Felix Klapwijk
Pitching: RHP Felix Klapwijk
Batting: LHB Duk-yeo Chin 0-0: Ball
1-0: Foul Ball, location: 2F
1-1: Swinging Strike
1-2: Strikes out swinging
Batting: LHB General Booty 0-0: Called Strike
0-1: Swinging Strike
0-2: Ball
1-2: Fly out, F8 (Flyball, 89XD, EV 99.4 MPH)
Batting: RHB Walke Mehoff 0-0: Swinging Strike
0-1: Foul Ball, location: 2F
0-2: Fly out, F7 (Flyball, 7S, EV 93.1 MPH)
Top of the 1st over - 0 runs, 0 hits, 0 errors, 0 left on base; Casper 0 - Richland 0
BOTTOM OF THE 1ST
Richland Rails batting - Pitching for Casper Ghosts : LHP Raúl Hinojosa
Pitching: LHP Raúl Hinojosa
Batting: SHB Fa-hsien Tze 0-0: Called Strike
0-1: Ground out 3-1 (Groundball, 34, EV 85.0 MPH)
Batting: LHB Glenn Lockhart 0-0: Ball
1-0: Ball
2-0: Ball
3-0: Base on Balls
Batting: LHB Antoine Studdard 0-0: Ball
1-0: Fly out, F8 (Line Drive, 8LD, EV 91.2 MPH)
Batting: RHB Falco Opsteegh 0-0: Called Strike
0-1: Foul Ball, location: 2F
0-2: Ball
1-2: Foul Ball, location: 2F
1-2: Ball
2-2: Ball
Glenn Lockhart steals 2nd base
3-2: Base on Balls
Batting: RHB Tak-wai Jia 0-0: Called Strike
0-1: Fly out, F4 (Popup, 34D, EV 64.4 MPH)
Bottom of the 1st over - 0 runs, 0 hits, 0 errors, 2 left on base; Casper 0 - Richland 0
TOP OF THE 2ND
Casper Ghosts batting - Pitching for Richland Rails : RHP Felix Klapwijk
Batting: RHB Thom Scribbner 0-0: Swinging Strike
0-1: Ball
1-1: Ball
2-1: Swinging Strike
2-2: Strikes out looking
Batting: RHB Luigino Colombo 0-0: Called Strike
0-1: Foul Ball, location: 2F
0-2: Strikes out looking
Batting: RHB Teok-kyu Pak 0-0: Ball
1-0: Called Strike
1-1: Foul Ball, location: 2F
1-2: Foul Ball, location: 2F
1-2: Strikes out swinging
Top of the 2nd over - 0 runs, 0 hits, 0 errors, 0 left on base; Casper 0 - Richland 0
BOTTOM OF THE 2ND
Richland Rails batting - Pitching for Casper Ghosts : LHP Raúl Hinojosa
Batting: RHB Alejandro Córdova 0-0: Ball
1-0: Ball
2-0: Fly out, F5 (Popup, 5F, EV 37.5 MPH)
Batting: RHB Muoi Hoan 0-0: Called Strike
0-1: Ball
1-1: Called Strike
1-2: Foul Ball, location: 2F
1-2: Fly out, F8 (Flyball, 8RXD, EV 90.0 MPH)
Batting: RHB Corey Hines 0-0: SINGLE (Groundball, 56D, EV 98.8 MPH)
Batting: RHB Francisco Rodríguez 0-0: Ball
1-0: Fly out, F1 (Line Drive, P, EV 68.1 MPH)
Bottom of the 2nd over - 0 runs, 1 hit, 0 errors, 1 left on base; Casper 0 - Richland 0
TOP OF THE 3RD
Casper Ghosts batting - Pitching for Richland Rails : RHP Felix Klapwijk
Batting: RHB Bogdan Lissenberg 0-0: Ball
1-0: Ball
2-0: Swinging Strike
2-1: Fly out, F3 (Popup, 3, EV 65.0 MPH)
Batting: RHB Carlos Moreno 0-0: Called Strike
0-1: Ball
1-1: Ball
2-1: Called Strike
2-2: Strikes out looking
Batting: RHB Magtanggol Florencio 0-0: Called Strike
0-1: Ball
1-1: Reached on error, E1 (Groundball, 15S, EV 68.8 MPH)
Batting: LHB Duk-yeo Chin 0-0: Called Strike
0-1: Ball
1-1: Ground out 3-1 (Groundball, 3, EV 100.6 MPH)
Top of the 3rd over - 0 runs, 0 hits, 1 error, 1 left on base; Casper 0 - Richland 0
BOTTOM OF THE 3RD
Richland Rails batting - Pitching for Casper Ghosts : LHP Raúl Hinojosa
Batting: SHB Fa-hsien Tze 0-0: Ball
1-0: SINGLE (Groundball, 56D, EV 98.1 MPH)
Batting: LHB Glenn Lockhart 0-0: Called Strike
0-1: Fielders Choice at 2nd, 1-4 (Groundball, 15S, EV 67.5 MPH)
Batting: LHB Antoine Studdard 0-0: Ball
Glenn Lockhart is caught stealing 2nd base 2-6
1-0: Called Strike
1-1: Ball
2-1: Ball
3-1: Fly out, F8 (Line Drive, 8LM, EV 93.8 MPH)
Bottom of the 3rd over - 0 runs, 1 hit, 0 errors, 0 left on base; Casper 0 - Richland 0
TOP OF THE 4TH
Casper Ghosts batting - Pitching for Richland Rails : RHP Felix Klapwijk
Batting: LHB General Booty 0-0: Ball
1-0: Fly out, F4 (Popup, 4MD, EV 47.5 MPH)
Batting: RHB Walke Mehoff 0-0: Ball
1-0: Foul Ball, location: 2F
1-1: Swinging Strike
1-2: Strikes out swinging, 2-3 out at first.
Batting: RHB Thom Scribbner 0-0: Ball
1-0: Called Strike
1-1: Foul Ball, location: 2F
1-2: Ball
2-2: Strikes out looking
Top of the 4th over - 0 runs, 0 hits, 0 errors, 0 left on base; Casper 0 - Richland 0
BOTTOM OF THE 4TH
Richland Rails batting - Pitching for Casper Ghosts : LHP Raúl Hinojosa
Batting: RHB Falco Opsteegh 0-0: Ball
1-0: Ball
2-0: Ball
3-0: Called Strike
3-1: SINGLE (Groundball, 4D, EV 98.8 MPH)
Batting: RHB Tak-wai Jia 0-0: Ball
1-0: Grounds into double play, 6-4-3 (Groundball, 56, EV 83.8 MPH)
Batting: RHB Alejandro Córdova 0-0: Ball
1-0: Called Strike
1-1: Called Strike
1-2: Foul Ball, location: 2F
1-2: Fly out, F3 (Popup, 3, EV 74.4 MPH)
Bottom of the 4th over - 0 runs, 1 hit, 0 errors, 0 left on base; Casper 0 - Richland 0
TOP OF THE 5TH
Casper Ghosts batting - Pitching for Richland Rails : RHP Felix Klapwijk
Batting: RHB Luigino Colombo 0-0: Ball
1-0: Foul Ball, location: 2F
1-1: Swinging Strike
1-2: Foul Ball, location: 2F
1-2: Fly out, F8 (Flyball, 8LD, EV 76.2 MPH)
Batting: RHB Teok-kyu Pak 0-0: Ball
1-0: Called Strike
1-1: Foul Ball, location: 2F
1-2: Fly out, F9 (Flyball, 89M, EV 93.8 MPH)
Batting: RHB Bogdan Lissenberg 0-0: DOUBLE (Line Drive, 8LXD, EV 96.9 MPH)
Batting: RHB Carlos Moreno 0-0: Ground out 6-3 (Groundball, 6, EV 86.9 MPH)
Top of the 5th over - 0 runs, 1 hit, 0 errors, 1 left on base; Casper 0 - Richland 0
BOTTOM OF THE 5TH
Richland Rails batting - Pitching for Casper Ghosts : LHP Raúl Hinojosa
Batting: RHB Muoi Hoan 0-0: Swinging Strike
0-1: Swinging Strike
0-2: Ball
1-2: Strikes out swinging
Batting: RHB Corey Hines 0-0: Foul Ball, location: 2F
0-1: Ball
1-1: Called Strike
1-2: Ground out 4-3 (Groundball, 4MD, EV 109.4 MPH)
Batting: RHB Francisco Rodríguez 0-0: Ground out 6-3 (Groundball, 56, EV 90.0 MPH)
Bottom of the 5th over - 0 runs, 0 hits, 0 errors, 0 left on base; Casper 0 - Richland 0
TOP OF THE 6TH
Casper Ghosts batting - Pitching for Richland Rails : RHP Felix Klapwijk
Batting: RHB Magtanggol Florencio 0-0: Foul Ball, location: 2F
0-1: Ball
1-1: Ground out 5-3 (Groundball, 56, EV 102.5 MPH)
Batting: LHB Duk-yeo Chin 0-0: Called Strike
0-1: Ball
1-1: Called Strike
1-2: Foul Ball, location: 2F
1-2: Strikes out swinging
Batting: LHB General Booty 0-0: Swinging Strike
0-1: Ball
1-1: Fly out, F7 (Flyball, 7S, EV 79.4 MPH)
Top of the 6th over - 0 runs, 0 hits, 0 errors, 0 left on base; Casper 0 - Richland 0
BOTTOM OF THE 6TH
Richland Rails batting - Pitching for Casper Ghosts : LHP Raúl Hinojosa
Batting: SHB Fa-hsien Tze 0-0: Ball
1-0: Called Strike
1-1: Ball
2-1: TRIPLE (Flyball, 8LXD, EV 88.1 MPH)
Batting: LHB Glenn Lockhart 0-0: Ball
1-0: Fly out, F7 (Line Drive, 7, EV 101.9 MPH)
Runner from 3rd tags up, SCORES, throw by LF
Batting: LHB Antoine Studdard 0-0: Swinging Strike
0-1: Fly out, F1 (Line Drive, P, EV 68.8 MPH)
Batting: RHB Falco Opsteegh 0-0: Ball
1-0: Ball
2-0: Ball
3-0: Base on Balls
Batting: RHB Tak-wai Jia 0-0: Ball
1-0: Foul Ball, location: 2F
1-1: Ball
2-1: Swinging Strike
2-2: Strikes out swinging
Bottom of the 6th over - 1 run, 1 hit, 0 errors, 1 left on base; Casper 0 - Richland 1
TOP OF THE 7TH
Casper Ghosts batting - Pitching for Richland Rails : RHP Felix Klapwijk
Batting: RHB Walke Mehoff 0-0: Ground out 5-3 (Groundball, 56S, EV 63.1 MPH)
Batting: RHB Thom Scribbner 0-0: Called Strike
0-1: Called Strike
0-2: Strikes out swinging
Batting: RHB Luigino Colombo 0-0: DOUBLE (Line Drive, 9LS, EV 105.6 MPH)
Batting: RHB Teok-kyu Pak 0-0: Swinging Strike
0-1: Swinging Strike
0-2: Ball
1-2: Strikes out looking
Top of the 7th over - 0 runs, 1 hit, 0 errors, 1 left on base; Casper 0 - Richland 1
BOTTOM OF THE 7TH
Richland Rails batting - Pitching for Casper Ghosts : LHP Raúl Hinojosa
Batting: RHB Alejandro Córdova 0-0: Called Strike
0-1: Ball
1-1: Swinging Strike
1-2: Strikes out swinging
Batting: RHB Muoi Hoan 0-0: Ball
1-0: SINGLE (Groundball, 34D, EV 95.6 MPH)
Batting: RHB Corey Hines 0-0: Grounds into double play, 1-4-3 (Groundball, P, EV 81.9 MPH)
Bottom of the 7th over - 0 runs, 1 hit, 0 errors, 0 left on base; Casper 0 - Richland 1
TOP OF THE 8TH
Casper Ghosts batting - Pitching for Richland Rails : RHP Felix Klapwijk
Batting: RHB Bogdan Lissenberg 0-0: Ground out 6-3 (Groundball, 56, EV 84.4 MPH)
Batting: RHB Carlos Moreno 0-0: Ball
1-0: Foul Ball, location: 2F
1-1: Foul Ball, location: 2F
1-2: Ball
2-2: Ball
3-2: Fly out, F6 (Popup, 6S, EV 70.0 MPH)
Batting: RHB Magtanggol Florencio 0-0: Ball
1-0: Ball
2-0: Called Strike
2-1: Called Strike
2-2: Strikes out looking
Top of the 8th over - 0 runs, 0 hits, 0 errors, 0 left on base; Casper 0 - Richland 1
BOTTOM OF THE 8TH
Richland Rails batting - Pitching for Casper Ghosts : LHP Raúl Hinojosa
Batting: RHB Francisco Rodríguez 0-0: Foul Ball, location: 2F
0-1: Foul Ball, location: 2F
0-2: Ball
1-2: Strikes out looking
Batting: SHB Fa-hsien Tze 0-0: SINGLE (Groundball, 34D, EV 95.6 MPH)
Batting: LHB Glenn Lockhart 0-0: Ball
1-0: Foul Ball, location: 2F
1-1: Ball
2-1: Called Strike
2-2: Strikes out swinging
Batting: LHB Antoine Studdard 0-0: Called Strike
0-1: SINGLE (Line Drive, 78S, EV 105.6 MPH)
Fa-hsien Tze to second
Runner from 2nd tries for 3rd, SAFE, no throw by LF
Batting: RHB Falco Opsteegh 0-0: Ball
1-0: Ball
2-0: Ball
3-0: Called Strike
3-1: Ground out 1-3 (Groundball, 34S, EV 93.8 MPH)
Bottom of the 8th over - 0 runs, 2 hits, 0 errors, 2 left on base; Casper 0 - Richland 1
TOP OF THE 9TH
Casper Ghosts batting - Pitching for Richland Rails : RHP Felix Klapwijk
Pitching: RHP Jing Hsi
Now at 1B: Alje de Gast
Now at SS: Hsui-chuan Hong
Now in RF: Júlio Solís
Batting: LHB Duk-yeo Chin 0-0: Ball
1-0: Foul Ball, location: 2F
1-1: Foul Ball, location: 2F
1-2: Fly out, F8 (Line Drive, 8RD, EV 92.5 MPH)
Batting: LHB General Booty 0-0: Ball
1-0: Ground out 4-3 (Groundball, 34D, EV 93.1 MPH)
Batting: RHB Walke Mehoff 0-0: Foul Ball, location: 2F
0-1: Foul Ball, location: 2F
0-2: Strikes out swinging
Top of the 9th over - 0 runs, 0 hits, 0 errors, 0 left on base; Casper 0 - Richland 1
Friday, April 17th, 2020 - OOTP Baseball 20.8 Build 74